 Dungeon Crawl Stone Soup version 0.27-a0-1230-gfc7c993222 (webtiles) character file.

Game seed: 3439049928394529135

123 Delamore the Skirmisher (level 5, -1/34 HPs)
             Began as a Gargoyle Fighter on June 8, 2021.
             Was a Believer of Lugonu.
             Slain by a black bear (4 damage)
             ... on level 4 of the Dungeon.
             The game lasted 00:01:56 (2630 turns).

Delamore the Skirmisher (Gargoyle Fighter)          Turns: 2630, Time: 00:01:57

Health: -1/34      AC: 13    Str: 20    XL:     5   Next: 7%
Magic:  5/5        EV:  7    Int:  9    God:    Lugonu [**....]
Gold:   109        SH:  9    Dex:  9    Spells: 4/4 levels left

rFire    . . .     SeeInvis .   a - +0 flail
rCold    . . .     Faith    .   c - +0 kite shield
rNeg     + . .     Spirit   .   b - +0 scale mail
rPois    ∞         Reflect  .   r - +0 helmet
rElec    +         Harm     .   (no cloak)
rCorr    .         Rampage  .   (no gloves)
Will     .....                  i - +0 pair of boots
Stlth    ..........             (no amulet)
HPRegen  0.11/turn              (no ring)
MPRegen  0.09/turn              (no ring)

@: no status effects
A: sickness immunity, AC +4, negative energy resistance 1, electricity
resistance, torment resistance 1, petrification resistance
a: Renounce Religion, Depart the Abyss, Bend Space


You were on level 4 of the Dungeon.
You worshipped Lugonu.
Lugonu was pleased with you.
You visited 1 branch of the dungeon, and saw 4 of its levels.

You collected 109 gold pieces.

Inventory:

Hand Weapons
 a - a +0 flail (weapon)
Missiles
 l - 4 boomerangs (quivered)
Armour
 b - a +0 scale mail (worn)
 c - a +0 kite shield (worn)
 h - a +0 tower shield
 i - a +0 pair of boots (worn)
 r - a +0 helmet (worn)
Scrolls
 f - a scroll of magic mapping {unknown}
 g - 2 scrolls of identify {unknown}
 j - a scroll of noise {unknown}
 k - 3 scrolls of blinking {unknown}
 m - 2 scrolls of fear {unknown}
 p - 3 scrolls of teleportation {unknown}
Potions
 d - a potion of might
 e - a potion of attraction {unknown}
 n - a potion of brilliance {unknown}
 o - a potion of cancellation {unknown}
 q - a potion of lignification {unknown}
 s - a potion of haste {unknown}
 t - a potion of berserk rage {unknown}


   Skills:
 + Level 4.4 Fighting
 * Level 4.3 Maces & Flails
 - Level 3.2 Armour
 - Level 3.2 Shields


You had 4 spell levels left.
You didn't know any spells.
Your spell library was empty.

Dungeon Overview and Level Annotations

Branches:
Dungeon (4/15)
 Temple: D:4-7

Altars:
Lugonu

Annotations:
D:3 Sigmund


Innate Abilities, Weirdness & Mutations

You are immune to sickness and miasma.
Your stone body is resilient. (AC +4)
You are immune to poison.
You resist negative energy. (rN+)
You are resistant to electric shocks. (rElec)
You are resistant to unholy torment.
You are immune to petrification.


Message History

You hit the black bear but do no damage.
The black bear is almost dead.
Sigmund hits you from afar with a +0 scythe!
You block the black bear's attack.
The black bear claws you but does no damage.
You block the black bear's attack. You block the frilled lizard's attack.
Sigmund hits you from afar with a +0 scythe.
You are too injured to fight recklessly!
The black bear goes berserk!
The black bear rages.
The black bear rages.
There is a stone staircase leading down here.
The black bear bites you!
* * * LOW HITPOINT WARNING * * *
The black bear closely misses you.
The black bear claws you but does no damage.
The frilled lizard bites you but does no damage.
The black bear bites you.
* * * LOW HITPOINT WARNING * * *
The black bear barely misses you.
The black bear claws you but does no damage.
You climb downwards.
Found a plate armour.
There is a stone staircase leading up here.
Okay, then.
You closely miss the black bear.
The black bear is severely wounded.
You block the black bear's attack. The black bear barely misses you. x2
The frilled lizard bites you but does no damage.
The black bear bites you.
* * * LOW HITPOINT WARNING * * *
The black bear claws you but does no damage. x2
The frilled lizard barely misses you.
Okay, then.
You closely miss the black bear.
The black bear is severely wounded.
The black bear completely misses you.
The black bear claws you but does no damage.
The black bear claws you.
You die...

# #. ####.###
#..[##.h....#
#....l@#
#...#### ...
.


You could see a black bear (berserk) and a frilled lizard.

Vanquished Creatures
  Jessica (D:2)
  Terence (D:2)
  Robin (D:3)
  A dart slug (D:1)
  A bat skeleton (D:2)
  A bat zombie (D:2)
  2 endoplasms
  2 giant cockroaches (D:1)
  10 goblins
  11 hobgoblins
  6 jackals
  A quokka (D:1)
  2 ball pythons (D:1)
  A ball python skeleton (D:2)
  7 bats
  A kobold (D:1)
  5 rats
54 creatures vanquished.

Notes
Turn   | Place    | Note
-------+----------+-------------------------------------------
     0 | D:1      | Delamore the Gargoyle Fighter began the quest for the Orb.
     0 | D:1      | Reached XP level 1. HP: 14/14 MP: 1/1
   237 | D:1      | Reached XP level 2. HP: 19/19 MP: 2/2
   756 | D:1      | Reached XP level 3. HP: 22/24 MP: 3/3
  1334 | D:2      | Noticed Jessica
  1345 | D:2      | Killed Jessica
  1346 | D:2      | Reached XP level 4. HP: 25/29 MP: 4/4
  1523 | D:2      | Noticed Robin
  1604 | D:3      | Killed Robin
  2015 | D:2      | Noticed Terence
  2030 | D:2      | Killed Terence
  2031 | D:2      | Reached XP level 5. HP: 25/34 MP: 5/5
  2340 | D:3      | Found a faded altar of an unknown god.
  2409 | D:3      | Became a worshipper of Lugonu the Unformed
  2409 | D:3      | Reached * piety under Lugonu
  2409 | D:3      | Reached ** piety under Lugonu
  2598 | D:3      | Noticed a black bear
  2600 | D:3      | Noticed Sigmund
  2630 | D:4      | Slain by a black bear

Illustrated notes

Levels and vault maps discovered:
D:1:      onia_arrival_handbag, layout_rooms
D:2:      layout_loops_ring, serial_undead, serial_undead_f, serial_undead_e,
          serial_undead_e, serial_undead_c, uniq_jessica, uniq_robin,
          uniq_terence
D:3:      layout_loops_ring, ebering_ecumenical_altar_box,
          hangedman_abyss_or_decor_stabs, uniq_sigmund
D:4:      layout_loops_cross, uniq_natasha

Skill      XL: |  1  2  3  4 |
---------------+-------------+-----
Maces & Flails | 3 4 |  4.3
Fighting       | 4 |  4.4
Armour         | |  3.2
Shields        | |  3.2

Action                   |  1- 3 |  4- 6 || total
-------------------------+-------+-------++-------
Melee: Flail             |    82 |   118 ||   200
Armor: Scale mail        |    65 |   104 ||   169
Dodge: Dodged            |    30 |    77 ||   107
Block: Kite shield       |    48 |    81 ||   129

Table legend: (Time is in decaauts)
 A = Elapsed time spent in this place.
 B = Non-inter-level travel time spent in this place.
 C = Inter-level travel time spent in this place.
 D = Time resting spent in this place.
 E = Time spent auto-exploring this place.
 F = Levels seen in this place.
 G = Mean time per level.
                   A        B        C        D        E       F      G
               +--------+--------+--------+--------+--------+-----+--------+
         Total |   2735 |   2646 |     89 |    477 |   1667 |   4 |  683.8 |
       Dungeon |   2735 |   2646 |     89 |    477 |   1667 |   4 |  683.8 |
               +--------+--------+--------+--------+--------+-----+--------+

Top non-repeatable levels by time:
     D:1: 1138 daAuts
     D:2: 906 daAuts
     D:3: 688 daAuts
     D:4: 2 daAuts
